 Dungeon Crawl Stone Soup version 0.26-a0-540-g8a0c9464d7 (webtiles) character file.

Game seed: 8632081081732013063

6626 kobby the Cleaver (level 11, -1/100 HPs)
             Began as a Naga Fighter on Aug 24, 2020.
             Was an Elder of Cheibriados.
             Slain by Sonja
             ... wielding a +2 dagger of distortion
              (11 damage)
             ... on level 10 of the Dungeon.
             The game lasted 00:17:11 (9417 turns).

kobby the Cleaver (Naga Fighter)                    Turns: 9417, Time: 00:17:13

Health: -1/100     AC: 12    Str: 31    XL:     11   Next: 2%
Magic:  7/11       EV:  7    Int: 19    God:    Cheibriados [****..]
Gold:   538        SH: 14    Dex: 21    Spells: 10/10 levels left

rFire    + . .     SeeInvis +   C - +5 war axe (freeze)
rCold    . . .     Faith    .   c - +2 kite shield
rNeg     . . .     Spirit   .   p - +1 chain mail {rF+}
rPois    +         Reflect  .   (no helmet)
rElec    .         Harm     .   o - +0 cloak
rCorr    +                      (no gloves)
MR       +....                  (no barding)
Stlth    ..........             (no amulet)
HPRegen  0.26/turn              e - ring of resist corrosion
MPRegen  0.12/turn              (no ring)

@: very slow
A: large, see invisible, deformed body, poison resistance, slowness 2, spit
poison 1, AC +3
a: Spit Poison, Bend Time, Temporal Distortion, Slouch, Renounce Religion


You were on level 10 of the Dungeon.
You worshipped Cheibriados.
Cheibriados was greatly pleased with you.
You visited 1 branch of the dungeon, and saw 10 of its levels.
You also visited: Sewer.

You collected 538 gold pieces.

Inventory:

Hand Weapons
 a - a +1 war axe
 x - the +8 dagger of Vodka {elec, Stlth+}
   (You found it on level 6 of the Dungeon)

   Occasionally, upon striking a foe, it will discharge some electrical energy
   and cause terrible harm.
   It makes you more stealthy.
 C - a +5 war axe of freezing (weapon)
Armour
 b - a +0 scale mail
 c - a +2 kite shield (worn)
 o - a +0 cloak (worn)
 p - a +1 chain mail of fire resistance (worn)
Jewellery
 e - a ring of resist corrosion (left hand)
 w - an uncursed amulet of guardian spirit
Wands
 A - a wand of disintegration (13)
 B - a wand of polymorph (11)
 D - a wand of flame (15)
Scrolls
 i - a scroll of summoning {unknown}
 j - a scroll of amnesia
 k - 5 scrolls of remove curse
 l - 3 scrolls of identify
 n - 8 scrolls of teleportation
 q - a scroll of acquirement {unknown}
 u - 3 scrolls of fog
 y - 4 scrolls of magic mapping
Potions
 d - 2 potions of might
 f - a potion of resistance {unknown}
 g - a potion of cancellation {unknown}
 h - 3 potions of curing
 m - a potion of heal wounds
 r - 3 potions of lignification {unknown}
 s - 3 potions of brilliance
 t - a potion of mutation {unknown}
 v - 5 potions of magic
 z - a potion of degeneration {unknown}


   Skills:
 + Level 7.0 Fighting
 + Level 10.7 Axes
 + Level 6.9 Armour
 + Level 2.2 Dodging
 + Level 1.6 Stealth
 + Level 6.3 Shields
 + Level 0.4 Invocations


You had 10 spell levels left.
You didn't know any spells.
Your spell library contained the following spells:

 Spells                   Type           Power        Failure   Level
 Animate Skeleton         Necr           #.....       83%         1
 Apportation              Tloc           #.....       83%         1
 Corona                   Hex            #......      83%         1
 Summon Small Mammal      Summ           #...         83%         1
 Sublimation of Blood     Necr           #.........   93%         2
 Ignite Poison            Fire/Tmut/Pois #.......     99%         3
 Petrify                  Tmut/Erth      #.......     100%        4
 Alistair's Intoxication  Tmut/Pois      #........    100%        5
 Irradiate                Conj/Tmut      #.........   100%        5
 Eringya's Noxious Bog    Tmut/Pois      #.........   100%        6


Dungeon Overview and Level Annotations

Branches:
Dungeon (10/15)            Temple (0/1) D:4            Lair (0/6) D:9
  Sewer (visited)
    Orc: D:9-12

Altars:
Ashenzari
Cheibriados
Dithmenos
Elyvilon
Fedhas
Qazlal
Sif Muna
Trog
Vehumet
Yredelemnul
Zin
The Shining One

Annotations:
D:10 Sonja


Innate Abilities, Weirdness & Mutations

You cannot wear boots.
Your serpentine skin is tough. (AC +3)
You have supernaturally acute eyesight. (SInv)
Armour fits poorly on your strangely shaped body.
Your system is resistant to poisons. (rPois)
You cover ground very slowly.
You can spit poison.


Message History

Sonja hits you but does no damage. Space bends around you.
You block Sonja's attack. Sonja barely misses you. You block Sonja's attack.
Sonja hits you with a +2 dagger of distortion.
Space bends around you.
You closely miss Sonja.
Sonja mumbles some strange words.
Sonja blinks!
Sonja plants her feet in a plie. x2
Sonja hits you with a +2 dagger of distortion.
Space bends around you.
Sonja hits you with a +2 dagger of distortion.
Space warps horribly around you!
* * * LOW HITPOINT WARNING * * *
Sonja hits you but does no damage. Space warps horribly around you!
* * * LOW HITPOINT WARNING * * *
Sonja barely misses you. Sonja hits you but does no damage.
Space bends around you.
* * * LOW HITPOINT WARNING * * *
Sonja hits you but does no damage. Space warps horribly around you!
You die...

## ..########## ##########
#..........####.........
#..#...@K.......##.#####
#..#....................
#..#.......#######.#####
######..#....................
#.......(?......#############
.#####.#.......# #
#.#......<# # #.##......#
#.##..>...#


You could see Sonja.

Vanquished Creatures
  3 two-headed ogres
  Joseph (D:7)
  An elephant (D:9)
  A troll (D:9)
  A hornet (D:8)
  A vampire (D:10)
  A yak (D:9)
  Edmund (D:4)
  Menkaure (D:5)
  A water moccasin (D:10)
  4 sky beasts
  2 orc warriors (D:8)
  An ice beast (D:8)
  A hornet zombie (D:10)
  4 ogres
  A phantom (D:5)
  3 centaurs
  2 crocodiles (D:9)
  Blork the orc (D:5)
  3 big kobolds
  2 bullfrogs
  A wyvern skeleton (D:9)
  3 scorpions
  A water moccasin skeleton (D:6)
  4 wights (D:8)
  3 howler monkeys
  A bullfrog zombie (D:6)
  An orc priest (D:8)
  A hound (D:6)
  A bullfrog skeleton (D:8)
  An iguana (D:4)
  Terence (D:2)
  3 worker ants
  A hound zombie (D:8)
  19 adders
  2 river rats (Sewer)
  3 shadow imps (D:7)
  3 ufetubi
  2 oozes
  An adder zombie (D:5)
  2 worms
  3 dart slugs
  7 leopard geckos
  20 orcs
  9 bats
  4 giant cockroaches
  11 goblins
  5 hobgoblins
  6 jackals
  20 kobolds
  3 quokkas
  5 ball pythons
  3 frilled lizards
  2 jackal skeletons
  A jackal zombie (D:5)
  A leopard gecko zombie (D:5)
  6 rats
  A spectral orc (D:7)
197 creatures vanquished.

Vanquished Creatures (others)
  A plant (D:4)
1 creature vanquished.

Grand Total: 198 creatures vanquished

Notes
Turn   | Place    | Note
-------+----------+-------------------------------------------
     0 | D:1      | kobby the Naga Fighter began the quest for the Orb.
     0 | D:1      | Reached XP level 1. HP: 21/21 MP: 1/1
   136 | D:1      | Reached XP level 2. HP: 22/28 MP: 2/2
   450 | D:1      | Reached XP level 3. HP: 18/34 MP: 3/3
  1297 | D:2      | Noticed Terence
  1313 | D:2      | Killed Terence
  1313 | D:2      | Reached skill level 3 in Axes
  1313 | D:2      | Reached XP level 4. HP: 31/42 MP: 4/4
  1387 | D:2      | Found a snail-covered altar of Cheibriados.
  1404 | D:2      | Became a worshipper of Cheibriados the Contemplative
  1704 | D:2      | Found a radiant altar of Vehumet.
  1715 | D:2      | Found a glowing silver altar of Zin.
  1727 | D:2      | Found a blossoming altar of Fedhas.
  1815 | D:2      | Found a glowing golden altar of the Shining One.
  1951 | D:3      | Reached * piety under Cheibriados
  2000 | D:3      | Reached XP level 5. HP: 36/49 MP: 5/5
  2630 | D:3      | Found a bloodstained altar of Trog.
  2889 | D:4      | Found a staircase to the Ecumenical Temple.
  3052 | D:4      | Noticed Edmund
  3053 | D:4      | Noticed an ogre
  3119 | D:4      | Killed Edmund
  3119 | D:4      | Reached skill level 4 in Axes
  3119 | D:4      | Reached XP level 6. HP: 29/57 MP: 6/6
  3317 | D:4      | Reached XP level 7. HP: 58/64 MP: 7/7
  3360 | D:4      | Reached skill level 5 in Axes
  3891 | D:5      | Entered Level 5 of the Dungeon
  4147 | D:5      | Reached ** piety under Cheibriados
  4190 | D:5      | Noticed Menkaure
  4201 | D:5      | Killed Menkaure
  4201 | D:5      | Reached skill level 1 in Stealth
  4520 | D:5      | Reached skill level 6 in Axes
  4520 | D:5      | Reached XP level 8. HP: 73/73 MP: 8/8
  4668 | D:5      | Noticed Blork the orc
  4677 | D:5      | Killed Blork the orc
  4751 | D:6      | Got a smoking dagger
  4822 | D:6      | Found a white marble altar of Elyvilon.
  4859 | D:6      | Found a glowing drain.
  4888 | Sewer    | Entered a sewer
  4934 | Sewer    | Reached *** piety under Cheibriados
  4979 | Sewer    | Reached skill level 1 in Dodging
  4998 | Sewer    | Reached skill level 7 in Axes
  5054 | Sewer    | Reached skill level 5 in Fighting
  5731 | D:7      | Noticed Joseph
  5764 | D:7      | Killed Joseph
  5764 | D:7      | Reached XP level 9. HP: 49/81 MP: 9/9
  6045 | D:7      | Reached skill level 8 in Axes
  6103 | D:7      | Reached **** piety under Cheibriados
  6198 | D:7      | Found a shattered altar of Ashenzari.
  6282 | D:7      | Reached skill level 5 in Shields
  6493 | D:7      | Found a stormy altar of Qazlal.
  6493 | D:7      | Found a shimmering blue altar of Sif Muna.
  6510 | D:7      | Found a shadowy altar of Dithmenos.
  6690 | D:7      | Found a basalt altar of Yredelemnul.
  6840 | D:8      | Reached skill level 5 in Armour
  7117 | D:8      | Reached skill level 9 in Axes
  7251 | D:8      | Noticed a hornet
  7256 | D:8      | Killed a hornet
  7533 | D:8      | Reached XP level 10. HP: 91/91 MP: 10/10
  7648 | D:8      | Noticed a two-headed ogre
  7656 | D:8      | Killed a two-headed ogre
  7967 | D:8      | Noticed a two-headed ogre
  7972 | D:8      | Killed a two-headed ogre
  7972 | D:8      | Reached skill level 10 in Axes
  8385 | D:9      | Identified the +8 dagger of Vodka {elec, Stlth+} (You found
                  | it on level 6 of the Dungeon)
  8541 | D:9      | Found a staircase to the Lair.
  8541 | D:9      | Noticed an elephant
  8541 | D:9      | Noticed a two-headed ogre
  8554 | D:9      | Killed a two-headed ogre
  8555 | D:9      | Killed an elephant
  8759 | D:9      | Reached ***** piety under Cheibriados
  9031 | D:10     | Entered Level 10 of the Dungeon
  9210 | D:10     | Reached XP level 11. HP: 62/100 MP: 7/11
  9408 | D:10     | Noticed Sonja
  9417 | D:10     | Slain by Sonja

Illustrated notes

Levels and vault maps discovered:
D:1:      lightli_arrival_maybe_door_vault, layout_rooms, serial_glass,
          glass_columns_c, glass_columns_a, glass_columns_b, glass_columns_c,
          glass_columns_c, glass_columns_b, glass_columns_b, glass_columns_a,
          glass_columns_a, glass_columns_a, glass_columns_b, glass_columns_a,
          glass_columns_a, glass_columns_a, minmay_indecisive_spiral
D:2:      layout_rooms, nicolae_tso_carved_into_rock,
          grunt_temple_overflow_cloverleaf, uniq_terence
D:3:      layout_basic, lemuel_coloured_pillars_altar
D:4:      cheibrodos_old_hovel, layout_basic, minmay_temple_entry_purple_smoke,
          uniq_edmund
D:5:      layout_loops_cross, uniq_menkaure, uniq_blork_the_orc
D:6:      layout_loops_ring, basic_altar, portal_sewer_entry_f,
          serial_park_tiny_2
D:7:      layout_basic, gammafunk_temple_overflow_claw,
          grunt_dithmenos_smoke_and_mirrors,
          yredelemnul_forgotten_temple_becter, serial_bayou_pond_d, uniq_joseph,
          uniq_crazy_yiuf_cottage
D:8:      layout_gridville
D:9:      layout_long_grid, david_lair_generic, lemuel_flamethrower_2
D:10:     layout_loops_ring, uniq_sonja

Skill      XL: |  1  2  3  4  5  6  7  8  9 10 |
---------------+-------------------------------+-----
Axes           | 3 4 6 7 9 10 | 10.7
Armour         | 3 4 5 6 |  6.9
Shields        | 3 4 5 6 |  6.3
Fighting       | 4 5 7 |  7.0
Stealth        | 1 |  1.6
Dodging        | 1 2 |  2.2
Invocations    | |  0.4

Action                   |  1- 3 |  4- 6 |  7- 9 | 10-12 || total
-------------------------+-------+-------+-------+-------++-------
Melee: War axe           |    96 |   144 |   341 |    89 ||   670
Invok: Bend Time         |       |       |     2 |     3 ||     5
  Use: Scroll            |       |     9 |     5 |     5 ||    19
       Potion            |       |       |     4 |     3 ||     7
Armor: Scale mail        |    66 |       |       |       ||    66
       Chain mail        |       |    97 |   125 |    50 ||   272
Dodge: Dodged            |    27 |    29 |    78 |    28 ||   162
Block: Kite shield       |    65 |    88 |   250 |    82 ||   485

Table legend: (Time is in decaauts)
 A = Elapsed time spent in this place.
 B = Non-inter-level travel time spent in this place.
 C = Inter-level travel time spent in this place.
 D = Time resting spent in this place.
 E = Time spent auto-exploring this place.
 F = Levels seen in this place.
 G = Mean time per level.
                   A        B        C        D        E       F      G
               +--------+--------+--------+--------+--------+-----+--------+
         Total |  15166 |  15029 |    137 |   1814 |  10481 |  11 | 1378.7 |
       Dungeon |  14552 |  14415 |    137 |   1814 |  10148 |  10 | 1455.2 |
         Sewer |    614 |    614 |      0 |      0 |    332 |   1 |  614.0 |
               +--------+--------+--------+--------+--------+-----+--------+

Top non-repeatable levels by time:
     D:8: 2343 daAuts
     D:7: 2066 daAuts
     D:3: 1638 daAuts
     D:4: 1411 daAuts
     D:2: 1399 daAuts
     D:5: 1358 daAuts
     D:9: 1348 daAuts
     D:6: 1311 daAuts
     D:1: 1075 daAuts
   Sewer: 614 daAuts
    D:10: 599 daAuts
